[Event "*** Titled Tuesday Blitz"]
[Site "Chess.com"]
[Date "2020.05.26"]
[Round "1"]
[White "Gabix_94"]
[Black "adriangschnitzer"]
[Result "1-0"]
[WhiteElo "2910"]
[BlackElo "2434"]
[TimeControl "180+1"]
[EndTime "10:06:12 PDT"]
[Termination "Gabix_94 won by resignation"]

1. d4 Nf6 2. c4 c5 3. d5 b5 4. Nf3 b4 5. b3 d6 6. Bb2 g6 7. Nbd2 Bg7 8. g3 O-O 9. Bg2 a5 10.
O-O a4 11. a3 axb3 12. Qxb3 bxa3 13. Rxa3 Rxa3 14. Qxa3 Na6 15. e4 Nd7 16. Bxg7 Kxg7 17. Re1 f6 18. h4 Nb4 19. Qc3 Ne5 20. Nxe5 fxe5 21. Nf1 Kg8 22. Ne3 e6 23. Rd1 exd5 24.
cxd5 Qf6 25. Rd2 h5 26. Nc4 Ba6 27. Nb6 Rf7 28. Qe3 Nd3 29. Bf1 Nb4 30. Bxa6 Nxa6 31.
Nc4 Nb4 32. Kg2 Kg7 33. Rb2 Ra7 34. Rxb4 Ra1 35. Rb7+ Kh8 36. Qh6+ 1-0

[Event "*** Titled Tuesday Blitz"]
[Site "Chess.com"]
[Date "2020.05.26"]
[Round "1"]
[White "Moon_stone123"]
[Black "chesslh19"]
[Result "1-0"]
[WhiteElo "2524"]
[BlackElo "2167"]
[TimeControl "180+1"]
[EndTime "10:06:12 PDT"]
[Termination "Moon_stone123 won by checkmate"]

1. e4 c5 2. Nf3 d6 3. d4 cxd4 4.
Nxd4 Nf6 5. Nc3 e6 6. Bg5 Be7 7.
f4 h6 8. Bh4 Nc6 9. Qd3 e5 10.
Bxf6 Bxf6 11. Ndb5 O-O 12. f5 Nd4 13. Nd5 a6 14.
Nxd4 exd4 15. Nxf6+ Qxf6 16. O-O-O d5 17. exd5 Bxf5 18. Qxd4 Qg5+ 19. Kb1 Rac8 20. Bd3 Bxd3 21. Qxd3 Qxg2 22. h4 Qg6 23. Qb3 b5 24. Rhg1 Qd6 25.
Qe3 Rfe8 26. Qd4 f6 27. Qg4 Rc4 28. Qxg7# 1-0

[Event "*** Titled Tuesday Blitz"]
[Site "Chess.com"]
[Date "2020.05.26"]
[Round "1"]
[White "Paladin61"]
[Black "chenrip"]
[Result "1-0"]
[WhiteElo "2618"]
[BlackElo "2285"]
[TimeControl "180+1"]
[EndTime "10:06:13 PDT"]
[Termination "Paladin61 won by resignation"]

1. b3 b5 2. e3 a6 3. c4 b4 4. Bb2 Bb7 5. Nf3 Nf6 6. d4 e6 7.
Nbd2 Be7 8. Bd3 O-O 9. Qc2 h6 10.
Rg1 d5 11. g4 Nfd7 12. h4 dxc4 13. bxc4 Bxf3 14. Nxf3 Bxh4 15. Nxh4 Qxh4 16. O-O-O e5 17. g5 h5 18. g6 fxg6 19. f4 exf4 20. Rxg6 fxe3 21.
d5 Nf6 22. Rdg1 Rf7 23. Bxf6 Rxf6 24. Rxg7+ Kf8 25. Qa4 c6 26. Qxb4+ 1-0

[Event "*** Titled Tuesday Blitz"]
[Site "Chess.com"]
[Date "2020.05.26"]
[Round "1"]
[White "ChristopherYoo"]
[Black "amiralfio"]
[Result "1-0"]
[WhiteElo "2893"]
[BlackElo "2429"]
[TimeControl "180+1"]
[EndTime "10:06:15 PDT"]
[Termination "ChristopherYoo won on time"]

1. e4 c5 2. Nf3 e6 3. d4 cxd4 4. Nxd4 Nf6 5. Nc3 Nc6 6. Nxc6 bxc6 7. e5 Nd5 8. Ne4 Qc7 9. f4 Qb6 10. c4 Bb4+ 11. Ke2 f5 12. exf6 Nxf6 13. Be3 Qd8 14. Nd6+ Bxd6 15. Qxd6 Bb7 16. Rg1 c5 17. Qxc5 Be4 18.
g4 Qb8 19. Qd4 Qb7 20. Rg3 O-O 21. Kf2 a5 22. Kg1 a4 23. Qe5 Rab8 24. Bd4 Rf7 25.
Re1 Bc6 26. Bd3 Rbf8 27. Bc5 Re8 28. Rh3 1-0

[Event "*** Titled Tuesday Blitz"]
[Site "Chess.com"]
[Date "2020.05.26"]
[Round "1"]
[White "AEMEffi"]
[Black "VishnuPrasanna"]
[Result "0-1"]
[WhiteElo "2300"]
[BlackElo "2638"]
[TimeControl "180+1"]
[EndTime "10:06:15 PDT"]
[Termination "VishnuPrasanna won by resignation"]

1. d4 Nf6 2. c4 g6 3. Nc3 Bg7 4. e4 d6 5. h3 O-O 6. Nf3 Na6 7. Be3 c6 8. Bd3 e5 9. d5 Nh5 10. a3 Nf4 11. Bf1 cxd5 12. cxd5 f5 13. g3 fxe4 14. Nxe4 Bf5 15. Neg5 Qe7 16. g4 Bd7 17. Ne4 Nc7 18. Qb3 Kh8 19. O-O-O Ncxd5 20. Qxb7 Rfb8 21. Qa6 Nxe3 22. fxe3 d5 23. Nc3 d4 24. Nd5 Nxd5 25. exd4 exd4 0-1

[Event "*** Titled Tuesday Blitz"]
[Site "Chess.com"]
[Date "2020.05.26"]
[Round "1"]
[White "MaxLeto"]
[Black "1stSecond"]
[Result "0-1"]
[WhiteElo "2342"]
[BlackElo "2703"]
[TimeControl "180+1"]
[EndTime "10:06:16 PDT"]
[Termination "1stSecond won by resignation"]

1. g4 d5 2. Bg2 c6 3. g5 e5 4. d4 exd4 5. Qxd4 Ne7 6. e4 dxe4 7.
Qxd8+ Kxd8 8. Nc3 Ng6 9. Be3 Kc7 10. O-O-O Bd6 11. Nxe4 Bf4 12. Re1 Re8 13. h4 Bf5 14.
Ng3 Rxe3 15. Rxe3 Be6 16. N1e2 Bxe3+ 17. fxe3 Nd7 18. h5 Nge5 19. Nf4 Re8 20. b3 Bg4 21. Kd2 Bf3 22. Rf1 Bxg2 23. Nxg2 Nc5 24. h6 gxh6 25.
gxh6 Rg8 26. b4 Rxg3 0-1

[Event "*** Titled Tuesday Blitz"]
[Site "Chess.com"]
[Date "2020.05.26"]
[Round "1"]
[White "Savagelittlemole"]
[Black "politeplayer"]
[Result "1-0"]
[WhiteElo "2541"]
[BlackElo "2187"]
[TimeControl "180+1"]
[EndTime "10:06:16 PDT"]
[Termination "Savagelittlemole won by resignation"]

1. e4 e6 2. d4 d5 3. Nd2 dxe4 4.
Nxe4 Nd7 5. Nf3 Ngf6 6. Ng3 b6 7.
Bd3 Bb7 8. O-O h5 9. Bg5 Be7 10. Re1 Ng4 11. Bxe7 Qxe7 12. h3 O-O-O 13. a4 a5 14. Qe2 h4 15. Ne4 Ngf6 16. Ba6 Bxa6 17. Qxa6+ Kb8 18. Nxf6 gxf6 19. c4 Qb4 20. c5 bxc5 21.
Rac1 Qb6 22. Qc4 cxd4 23. Red1 Ne5 24. Nxe5 fxe5 25. Rd3 Ka7 26. Rb3 Qd6 27. Qb5 Rb8 28.
Qxa5+ Qa6 29. Rxc7+ 1-0

[Event "*** Titled Tuesday Blitz"]
[Site "Chess.com"]
[Date "2020.05.26"]
[Round "1"]
[White "Azoulas1"]
[Black "realmadridtv"]
[Result "1-0"]
[WhiteElo "1974"]
[BlackElo "2454"]
[TimeControl "180+1"]
[EndTime "10:06:16 PDT"]
[Termination "Azoulas1 won by checkmate"]

1. e4 c5 2. Nf3 d6 3. d4 cxd4 4. Nxd4 Nf6 5. Nc3 a6 6. Bg5 e6 7. f4 Qb6 8. Qd2 Nc6 9. Nxc6 bxc6 10. Bd3 h6 11. Bxf6 gxf6 12. b3 h5 13. a4 Rg8 14.
a5 Qc7 15. Na4 Bb7 16. Nb6 Rd8 17. O-O-O Bh6 18. g3 d5 19. Qe3 Kf8 20. Qe2 Qd6 21. Kb2 Bg7 22. f5 Qe5+ 23. Kb1 c5 24. Qxh5 c4 25.
Bxc4 Qxe4 26. fxe6 fxe6 27. Rhe1 dxc4 28. Rxd8+ Ke7 29.
Rd7+ Kf8 30. Qf7# 1-0

[Event "*** Titled Tuesday Blitz"]
[Site "Chess.com"]
[Date "2020.05.26"]
[Round "1"]
[White "ShahMatKanal"]
[Black "Bigfish1995"]
[Result "0-1"]
[WhiteElo "2453"]
[BlackElo "3028"]
[TimeControl "180+1"]
[EndTime "10:06:17 PDT"]
[Termination "Bigfish1995 won on time"]

1. d4 Nf6 2. Nf3 b6 3. g3 Bb7 4.
Bg2 g6 5. O-O Bg7 6. c4 e6 7.
Nc3 Ne4 8. Qc2 Nxc3 9. Qxc3 O-O 10. Rd1 h6 11. Qc2 Na6 12. a3 c5 13. d5 exd5 14. cxd5 d6 15. Bd2 Re8 16. Bc3 Bxc3 17. bxc3 Qe7 18.
e3 Bc8 19. c4 Bg4 20. h3 Bxf3 21. Bxf3 f5 22. h4 Qf6 23. Rab1 Nb8 24. Qa4 Rd8 25. Rxb6 axb6 26. Qxa8 Nd7 27. Qa4 Qb2 28. Bg2 Ne5 29. Qa7 Rd7 30. Qb8+ Kg7 31. Qe8 Rf7 32. h5 gxh5 33. Qd8 Nxc4 34. Bf1 Qc2 35. Re1 Nd2 36. Bg2 Qc3 37. Rd1 Qc2 38. Re1 Ne4 0-1

[Event "*** Titled Tuesday Blitz"]
[Site "Chess.com"]
[Date "2020.05.26"]
[Round "1"]
[White "iwanyu"]
[Black "Savva09022009"]
[Result "1-0"]
[WhiteElo "2776"]
[BlackElo "2398"]
[TimeControl "180+1"]
[EndTime "10:06:17 PDT"]
[Termination "iwanyu won by resignation"]

1. d4 Nf6 2. c4 e6 3. Nc3 Bb4 4. a3 Bxc3+ 5. bxc3 c5 6. f3 O-O 7. e4 Nc6 8. Be3 b6 9. Bd3 d6 10. Ne2 e5 11. d5 Na5 12. Ng3 Ba6 13. Qe2 Qd7 14.
a4 Ne8 15. O-O g6 16. Bh6 Ng7 17. f4 exf4 18. Rxf4 Rae8 19. Qf1 Nb3 20. Ra2 Qe7 21. Raf2 Bc8 22. Rf6 a6 23. e5 dxe5 24. Ne4 Bf5 25. d6 Qd7 26. R6xf5 Qe6 27. Nf6+ Kh8 28. Nxe8 Rxe8 29.
Rxf7 Nh5 30. Rf8+ 1-0

[Event "*** Titled Tuesday Blitz"]
[Site "Chess.com"]
[Date "2020.05.26"]
[Round "1"]
[White "Herracek"]
[Black "Misticpikachu"]
[Result "1-0"]
[WhiteElo "2573"]
[BlackElo "2224"]
[TimeControl "180+1"]
[EndTime "10:06:17 PDT"]
[Termination "Herracek won by resignation"]

1. c4 e6 2. Nc3 d5 3. d4 Nf6 4. Bg5 Be7 5. cxd5 exd5 6. e3 O-O 7. Bd3 c6 8. Nge2 Re8 9. O-O Nbd7 10. Rb1 Nf8 11.
b4 Ne4 12. Bxe7 Qxe7 13. b5 Bg4 14. Bxe4 dxe4 15. bxc6 bxc6 16. Qa4 Qf6 17. Ng3 Qg6 18. Rb7 h5 19. h3 Bc8 20. Rc7 h4 21. Nge2 Bxh3 22.
Nf4 Qg4 23. Nxh3 Ne6 24. Rxc6 Ng5 25. Nxg5 Qxg5 26. Qb5 Qg4 27. Rc5 f6 28. Qe2 Qd7 29. Qc4+ Kh8 30. Ne2 Qe7 31. Nf4 g5 32. Ng6+ Kg7 33.
Nxe7 Rxe7 34. Rc7 1-0

[Event "*** Titled Tuesday Blitz"]
[Site "Chess.com"]
[Date "2020.05.26"]
[Round "1"]
[White "volcanoexplorer"]
[Black "Turquoise_2701"]
[Result "1-0"]
[WhiteElo "2520"]
[BlackElo "2152"]
[TimeControl "180+1"]
[EndTime "10:06:17 PDT"]
[Termination "volcanoexplorer won by resignation"]

1. e4 c5 2. Nf3 d6 3. d4 cxd4 4. Nxd4 Nf6 5. Nc3 a6 6. h3 e5 7. Nde2 Be6 8. g4 Be7 9. Bg2 Nc6 10. Be3 Rc8 11. O-O b5 12. Nd5 Bxd5 13. exd5 Na5 14. b3 Nd7 15. f4 exf4 16. Nxf4 O-O 17. Qd2 Bf6 18. Rad1 Bc3 19. Qf2 Nb7 20. h4 Ne5 21.
Qg3 Qe7 22. h5 Nxg4 23. Bb6 Nh6 24. Bh3 Rce8 25. Qxc3 Qg5+ 26. Kh1 Re4 27. Rg1 Qe5 28.
Bd4 Qxf4 29. Rxg7+ Kh8 30. Rg4+ Rxd4 31. Rxf4 1-0

[Event "*** Titled Tuesday Blitz"]
[Site "Chess.com"]
[Date "2020.05.26"]
[Round "1"]
[White "Agnes66678"]
[Black "Vitor-Moraes"]
[Result "1-0"]
[WhiteElo "2474"]
[BlackElo "1992"]
[TimeControl "180+1"]
[EndTime "10:06:17 PDT"]
[Termination "Agnes66678 won by resignation"]

1. d4 Nf6 2. c4 e6 3. g3 Be7 4. Bg2 d5 5. Nf3 c6 6. O-O O-O 7. Nbd2 Nbd7 8. Qc2 b6 9. e4 dxe4 10. Nxe4 Nxe4 11. Qxe4 Bb7 12. Rd1 Nf6 13. Qe2 Qc7 14. Bf4 Bd6 15. Ne5 Nd7 16. c5 Bxe5 17. Bxe5 Nxe5 18.
Qxe5 Qxe5 19. dxe5 Rad8 20. Rd6 bxc5 21. Rad1 Rxd6 22. Rxd6 Rc8 23. Rd7 Rb8 24. b3 Kf8 25.
Rc7 Ba6 26. Rxc6 Bb7 27. Rxc5 Bxg2 28. Kxg2 Rb7 29. Kf3 Ke7 30. Ke3 Kd7 31. f4 f6 32.
Kd3 Ke7 33. Kc4 Kd7 34. a4 h6 35. h4 f5 36. h5 Ke7 37. b4 Kd7 38. b5 Ke7 39. Rc6 Kd7 40. Kc5 Ke7 41. a5 Kd7 42. a6 Rc7 43. Rxc7+ Kxc7 44. b6+ axb6+ 45. Kb5 Kb8 46.
Kxb6 Ka8 47. Kc6 Ka7 48. Kd6 Kxa6 49. Kxe6 1-0

[Event "*** Titled Tuesday Blitz"]
[Site "Chess.com"]
[Date "2020.05.26"]
[Round "1"]
[White "econpower"]
[Black "Nastya_Rakhmangulova"]
[Result "1-0"]
[WhiteElo "2632"]
[BlackElo "2295"]
[TimeControl "180+1"]
[EndTime "10:06:18 PDT"]
[Termination "econpower won by resignation"]

1. c4 c6 2. g3 d5 3. Bg2 Nf6 4. Nf3 Bg4 5. O-O Nbd7 6. b3 e5 7. d3 Bd6 8. Bb2 O-O 9. Nbd2 Qe7 10. h3 Bxf3 11. exf3 Ba3 12. Qc2 Bxb2 13. Qxb2 Qd6 14.
b4 Rfe8 15. Rfe1 Rad8 16. c5 Qc7 17. Nb3 d4 18. Nd2 Nd5 19. Nc4 Nc3 20. Nd6 Re6 21. f4 exf4 22. Rxe6 fxe6 23. Qb3 Nf8 24. Re1 fxg3 25.
fxg3 Rxd6 26. cxd6 Qxd6 27. Kh2 Nd5 28. Bxd5 cxd5 29.
a3 Qc6 30. Qd1 Qc3 31. Rf1 Nd7 32. Qf3 Nf6 33. Qe2 Kf7 34. Re1 Qc6 35. b5 Qd6 36. a4 Ke7 37. Qc2 g6 38. Rc1 Qd7 39.
Qc5+ Kf7 40. Qxd4 Nh5 41. Rf1+ Ke7 42. Qc5+ Qd6 43. Rf7+ Kxf7 44. Qxd6 1-0

[Event "*** Titled Tuesday Blitz"]
[Site "Chess.com"]
[Date "2020.05.26"]
[Round "1"]
[White "mattcolins2025"]
[Black "WIDBIFS"]
[Result "0-1"]
[WhiteElo "2283"]
[BlackElo "2618"]
[TimeControl "180+1"]
[EndTime "10:06:19 PDT"]
[Termination "WIDBIFS won by resignation"]

1. d4 Nf6 2. c4 g6 3. Nc3 Bg7 4.
e4 d6 5. Nf3 O-O 6. Be2 Bg4 7.
Ng1 Bc8 8. Nf3 e5 9. d5 a5 10. Bg5 Na6 11. Nd2 h6 12. Be3 Bd7 13. O-O h5 14. f3 h4 15. Bf2 Nh5 16. b3 Qg5 17. Kh1 Nf4 18. Rg1 Bh6 19. Be3 Nh3 20. gxh3 Qxe3 21.
Ndb1 Bxh3 22. Qd3 Nb4 23. Qxe3 Bxe3 24. Na3 Bxg1 25. Rxg1 c6 26. c5 cxd5 27. exd5 dxc5 28. Nc4 Rad8 29. d6 Be6 30. Ne4 Bd5 31. Nxc5 Kg7 32. d7 Bxc4 33. Bxc4 b6 34. Na4 Rxd7 35. Nxb6 Rd2 36. a3 Nc6 37. Nd5 Nd4 38. Rf1 a4 39. bxa4 Rc8 40. Nb6 Rc6 41. a5 Rb2 42. Bd5 Rcc2 43.
Re1 Rxh2+ 44. Kg1 Rbg2+ 45. Kf1 h3 0-1

[Event "*** Titled Tuesday Blitz"]
[Site "Chess.com"]
[Date "2020.05.26"]
[Round "1"]
[White "Sam_ChessMood"]
[Black "SARGISMV"]
[Result "1-0"]
[WhiteElo "2875"]
[BlackElo "2424"]
[TimeControl "180+1"]
[EndTime "10:06:20 PDT"]
[Termination "Sam_ChessMood won by checkmate"]

1. e4 e6 2. d4 d5 3. Nc3 Bb4 4.
e5 c5 5. a3 Bxc3+ 6. bxc3 Qc7 7. h4 cxd4 8. cxd4 Qc3+ 9. Bd2 Qxd4 10. Nf3 Qe4+ 11. Be2 Nc6 12. h5 Nxe5 13. O-O Bd7 14. Bc3 f6 15. Re1 Nc6 16. Rb1 b6 17. Bb5 Qg4 18.
Qxd5 Nge7 19. Qd6 e5 20. Bxe5 fxe5 21. Nxe5 Nxe5 22. Rxe5 O-O-O 23. Ba6# 1-0

[Event "*** Titled Tuesday Blitz"]
[Site "Chess.com"]
[Date "2020.05.26"]
[Round "1"]
[White "semchik73"]
[Black "axvesik"]
[Result "0-1"]
[WhiteElo "2189"]
[BlackElo "2542"]
[TimeControl "180+1"]
[EndTime "10:06:20 PDT"]
[Termination "axvesik won by checkmate"]

1. Nf3 Nf6 2. c4 e6 3. Nc3 d5 4. d4 dxc4 5. e4 b5 6. e5 Nd5 7. Nxb5 Nb6 8. Nc3 Bb7 9. Be3 Qd7 10. Be2 Be7 11. O-O Nc6 12. a4 Na5 13. Nd2 O-O-O 14.
Bf3 Nd5 15. Nxc4 Nxc4 16. Bc1 g5 17. a5 h5 18. a6 Bc6 19. Qb3 Ncb6 20. Bd2 g4 21. Be2 Nxc3 22. bxc3 Qd5 23. Qxd5 Bxd5 24. Rfc1 Bc4 25. Bxc4 Nxc4 26. Bf4 c5 27. Ra4 Nb6 28.
Ra5 cxd4 29. cxd4+ Kb8 30. Be3 Rd5 31. Ra2 Rc8 32.
Rb1 Rc3 33. Rab2 Ra3 34. h3 Rxa6 35. hxg4 hxg4 36. Kh2 Ra3 37. Rb3 Rxb3 38. Rxb3 Kb7 39. Kg3 a5 40. Kxg4 a4 41. Rb2 a3 42. Ra2 Rb5 43.
Bc1 Nc4 44. f4 Rb1 45. Bxa3 Bxa3 46. f5 Kc6 47. fxe6 fxe6 48. Rc2 Kd5 49. Rf2 Rg1 50. Kh3 Kxd4 51. Rf4+ Kd5 52. g4 Nxe5 53. Ra4 Rxg4 54.
Rxa3 Rd4 55. Ra5+ Ke4 56. Kg3 Rd3+ 57. Kf2 Nc4 58. Ra4 Kd4 59. Ke2 e5 60. Ra8 Rd2+ 61. Ke1 Rb2 62. Rd8+ Ke3 63. Kf1 e4 64. Rd1 Nd2+ 65.
Kg1 Nf3+ 66. Kf1 Rf2# 0-1

[Event "*** Titled Tuesday Blitz"]
[Site "Chess.com"]
[Date "2020.05.26"]
[Round "1"]
[White "ehrenfeld"]
[Black "LyonBeast"]
[Result "0-1"]
[WhiteElo "2443"]
[BlackElo "2955"]
[TimeControl "180+1"]
[EndTime "10:06:21 PDT"]
[Termination "LyonBeast won by resignation"]

1. e4 c6 2. d4 d5 3. exd5 cxd5 4. Bd3 Nf6 5. c3 Bg4 6. Qb3 Qb6 7. Qxb6 axb6 8. Bf4 e6 9. Nd2 Nc6 10. Ngf3 Nd7 11.
O-O Be7 12. a3 Bh5 13. Rfe1 O-O 14. h3 Rfc8 15. Bh2 Bg6 16. Bf1 Nf6 17. Rac1 Ne8 18. Ne5 Nxe5 19. Bxe5 Bg5 20. Red1 h5 21. Ra1 Bc2 22.
Re1 Bxd2 23. Re2 f6 24. Bg3 Bxc3 25. Rxc2 Bxd4 26. Rd2 e5 27. Rad1 Rc6 28. Bb5 Rc5 29. Bd7 Kf7 30. Kh2 g5 31. h4 Rd8 32. Bf5 Nd6 33.
Bb1 g4 34. Rxd4 exd4 35. Rxd4 Ke6 36. Ba2 Nf5 37. Re4+ Kf7 38. Rb4 Nxg3 39. Kxg3 Rd6 40.
Kf4 Kg7 41. f3 d4 0-1

[Event "*** Titled Tuesday Blitz"]
[Site "Chess.com"]
[Date "2020.05.26"]
[Round "1"]
[White "allvim"]
[Black "aNaartjieZA"]
[Result "0-1"]
[WhiteElo "2252"]
[BlackElo "2591"]
[TimeControl "180+1"]
[EndTime "10:06:21 PDT"]
[Termination "aNaartjieZA won by resignation"]

1. e4 e6 2. d4 d5 3. Nd2 Nf6 4. e5 Nfd7 5. Bd3 c5 6. c3 Nc6 7. Ne2 cxd4 8. cxd4 f6 9. exf6 Nxf6 10. Nf3 Bd6 11.
O-O O-O 12. g3 Nh5 13. Nc3 g6 14. Re1 Qf6 15. Be2 Ng7 16. Bg5 Qf7 17. Bh6 Bd7 18. Rc1 Rae8 19. Qd2 Qf6 20. Bg5 Qf5 21. Be3 Qf7 22.
Bh6 Re7 23. Bd1 Qf5 24. Ng5 Qf6 25. Nf3 Ref7 26. Rf1 Qd8 27. Be2 Rxf3 28. Bxf3 Rxf3 29. Bxg7 Kxg7 30. Qe2 Nxd4 31. Qd1 Qf6 32. Ne2 Nc6 33. Nc3 h5 34. Nb5 Bb8 35. h4 Bxg3 36. fxg3 Rxg3+ 0-1

[Event "*** Titled Tuesday Blitz"]
[Site "Chess.com"]
[Date "2020.05.26"]
[Round "1"]
[White "Chessmasterzt"]
[Black "CyberdelChess"]
[Result "1-0"]
[WhiteElo "2589"]
[BlackElo "2243"]
[TimeControl "180+1"]
[EndTime "10:06:21 PDT"]
[Termination "Chessmasterzt won on time"]

1. Nf3 Nf6 2. g3 g6 3. Bg2 Bg7 4. b3 Ne4 5. c3 d5 6. O-O O-O 7. Bb2 c5 8. d3 Nf6 9. c4 d4 10.
b4 Nfd7 11. Nbd2 e5 12. b5 f6 13. e4 f5 14. exf5 gxf5 15. Qc2 Kh8 16. Rae1 a6 17. a4 axb5 18. cxb5 Qc7 19. Nc4 Re8 20. Ng5 Nf6 21. a5 Nbd7 22. Bc1 Rxa5 23. Nxa5 Qxa5 24. Qb3 h6 25. Nf7+ Kh7 26. Nd6 Rf8 27. Nxf5 Qc7 28. Nxg7 Kxg7 29. Qe6 Re8 30. Qh3 Qd6 31. Qxh6+ Kg8 32.
Qg6+ Kh8 33. f4 Rf8 34. Qh6+ Kg8 35. Qg6+ Kh8 36. fxe5 Nxe5 37. Qh6+ Kg8 38. Bf4 1-0

[Event "*** Titled Tuesday Blitz"]
[Site "Chess.com"]
[Date "2020.05.26"]
[Round "1"]
[White "ChessQueen"]
[Black "SHIVACalypso"]
[Result "1-0"]
[WhiteElo "2622"]
[BlackElo "2288"]
[TimeControl "180+1"]
[EndTime "10:06:22 PDT"]
[Termination "ChessQueen won by resignation"]

1. e4 e6 2. d4 d5 3. exd5 exd5 4. Nf3 Nf6 5. Bd3 Bd6 6. Qe2+ Qe7 7. Qxe7+ Kxe7 8.
O-O Re8 9. h3 Kf8 10. Nc3 c6 11. Ne2 Ne4 12. Bf4 Bxf4 13. Nxf4 Nd7 14. Rfe1 Ndf6 15. Re3 Bf5 16. Rae1 Nd6 17. Ne5 Bxd3 18. Rxd3 Re7 19. g4 Rae8 20. Rde3 Nd7 21. b3 Nxe5 22. dxe5 Ne4 23. f3 Nc5 24. b4 Ne6 25. Nxe6+ Rxe6 26. Kf2 f6 27. exf6 Rxe3 28. fxg7+ Kxg7 29. Rxe3 Rf8 30. Re7+ Rf7 31. Rxf7+ Kxf7 32. Ke3 Ke6 33. Kd4 Kd6 34. f4 b6 35. h4 c5+ 36. bxc5+ bxc5+ 37. Kd3 Ke6 38. h5 Kf6 39. Kc3 Ke6 40. Kb3 1-0

[Event "*** Titled Tuesday Blitz"]
[Site "Chess.com"]
[Date "2020.05.26"]
[Round "1"]
[White "JLRHei"]
[Black "aleksandrovaleksei"]
[Result "0-1"]
[WhiteElo "2319"]
[BlackElo "2685"]
[TimeControl "180+1"]
[EndTime "10:06:23 PDT"]
[Termination "aleksandrovaleksei won by resignation"]

1. d4 Nf6 2. c4 e6 3. Nf3 d5 4. g3 dxc4 5. Bg2 Nc6 6. O-O Rb8 7. Nc3 a6 8. a4 Be7 9. e4 O-O 10. d5 Na5 11. Bf4 Nb3 12. Ra2 exd5 13. exd5 Bd6 14. Bg5 h6 15. Bxf6 Qxf6 16. Ne4 Qe7 17. Re1 Bb4 18.
Nc3 Qf6 19. Ne5 Bf5 20. Nxc4 Bxc3 21. bxc3 Qxc3 22. Ne3 Nd4 23. Rd2 c5 24. dxc6 bxc6 25. Rxd4 Rb1 26. Qxb1 Bxb1 27. Rc4 Qxe1+ 0-1

[Event "*** Titled Tuesday Blitz"]
[Site "Chess.com"]
[Date "2020.05.26"]
[Round "1"]
[White "vidavi"]
[Black "relaxx87"]
[Result "0-1"]
[WhiteElo "2310"]
[BlackElo "2669"]
[TimeControl "180+1"]
[EndTime "10:06:23 PDT"]
[Termination "relaxx87 won by resignation"]

1. Nf3 c5 2. c4 Nc6 3. Nc3 g6 4. g3 Bg7 5. Bg2 d6 6. O-O Bf5 7. d3 Qd7 8. Re1 Bh3 9. Bh1 h6 10. Rb1 Nf6 11. a3 Rc8 12. b4 b6 13. b5 Nd4 14. Nxd4 cxd4 15. Nd5 Nxd5 16. Bxd5 O-O 17. Bd2 Kh7 18. a4 e6 19. Bf3 f5 20. a5 e5 21. Bd5 f4 22. f3 h5 23. Kf2 Be6 24.
Be4 d5 25. cxd5 Bxd5 26. gxf4 Bxe4 27. dxe4 Bf6 28. Rg1 Qh3 29. Rg2 Bh4+ 30. Kg1 exf4 31.
Bb4 Qd7 32. Bxf8 Rxf8 33. Rb4 Bf6 34. axb6 axb6 35. Qd3 Be7 36. Rc4 Bc5 37. Ra4 Kh6 38. e5 Rf5 39. Ra8 Qe6 40. h4 Rxe5 41. Rxg6+ Qxg6+ 0-1

[Event "*** Titled Tuesday Blitz"]
[Site "Chess.com"]
[Date "2020.05.26"]
[Round "1"]
[White "MNyuyu"]
[Black "GMStefanova"]
[Result "0-1"]
[WhiteElo "2293"]
[BlackElo "2629"]
[TimeControl "180+1"]
[EndTime "10:06:24 PDT"]
[Termination "GMStefanova won by checkmate"]

1. d4 d5 2. Nf3 Nf6 3. Bf4 e6 4. e3 Bd6 5. Bg3 O-O 6. Bd3 c5 7. c3 Qc7 8. Nbd2 Nbd7 9. Qe2 e5 10. dxe5 Nxe5 11. Nxe5 Bxe5 12. O-O-O c4 13. Bc2 b5 14.
Bxe5 Qxe5 15. Nf3 Qe7 16. Nd4 Bd7 17. Bf5 Rab8 18. Bxd7 Qxd7 19. a3 a5 20. f3 b4 21.
axb4 axb4 22. Rd2 Qa4 23. cxb4 Rxb4 24. Rc2 Rfb8 25. Rd1 Nd7 26. Kd2 Rxb2 27. Rc1 Nc5 28. Ke1 Nd3+ 29. Qxd3 cxd3 30. Rc8+ Qe8 31. Rxe8+ Rxe8 32. Rd1 Rxe3+ 33. Kf1 g6 34. h4 Ree2 35. Rxd3 Rxg2 36.
Re3 Rh2 37. Kg1 Rxh4 38. Ne2 Rc4 39. Kf1 Rcc2 40. Nd4 Rc1+ 41. Re1 Rxe1+ 42. Kxe1 h5 43. Nc6 Kg7 44. Ne7 d4 45. Nd5 h4 46. Kf1 g5 47.
Ne7 Kf6 48. Nd5+ Ke5 49. Ne7 Kf4 50. Nc6 d3 51. Nd4 Rb1+ 52. Kf2 d2 53. Ne2+ Ke5 54. f4+ gxf4 55. Nxf4 Kxf4 56. Kg2 d1=Q 57. Kh3 Qf3+ 58. Kxh4 Rh1# 0-1

[Event "*** Titled Tuesday Blitz"]
[Site "Chess.com"]
[Date "2020.05.26"]
[Round "1"]
[White "MarceloPlaya"]
[Black "abhidabhi"]
[Result "0-1"]
[WhiteElo "2373"]
[BlackElo "2736"]
[TimeControl "180+1"]
[EndTime "10:06:27 PDT"]
[Termination "abhidabhi won on time"]

1. e4 e5 2. Nf3 Nc6 3. d4 exd4 4. Bc4 Nf6 5. Ng5 Ne5 6. Qxd4 Nxc4 7. Qxc4 d5 8. exd5 Qxd5 9. Qe2+ Be6 10. O-O O-O-O 11. Nc3 Qc6 12. Nxe6 fxe6 13. Be3 Nd5 14. Nxd5 exd5 15.
Bxa7 b6 16. a4 Kb7 17. a5 Bc5 18. axb6 cxb6 19. Qa6+ Kc7 20. c3 Rhf8 21. b4 Bd6 22. Qd3 Qc4 23. Qd2 Kb7 24. Qe3 Bc7 25. Ra3 Rde8 26.
Qh3 Rxf2 27. g3 Rxf1+ 28. Qxf1 Qxf1+ 29. Kxf1 Ra8 30. Ra2 Rxa7 31. Re2 Bd6 0-1

[Event "*** Titled Tuesday Blitz"]
[Site "Chess.com"]
[Date "2020.05.26"]
[Round "1"]
[White "Efremov_Vlad"]
[Black "nurmiTV"]
[Result "1/2-1/2"]
[WhiteElo "2160"]
[BlackElo "2512"]
[TimeControl "180+1"]
[EndTime "10:06:28 PDT"]
[Termination "Game drawn by repetition"]

1. d4 Nf6 2. c4 e6 3. Nf3 b6 4.
g3 Bb7 5. Bg2 Be7 6. O-O O-O 7.
Nc3 Ne4 8. Bd2 f5 9. d5 Na6 10. a3 Nac5 11. b4 Nxc3 12. Bxc3 Ne4 13. Bb2 a5 14.
Qb3 Bf6 15. Rfd1 Qe7 16. Bxf6 Qxf6 17. Rac1 Rfd8 18. Nd2 Nxd2 19. Rxd2 e5 20. d6 Bxg2 21. Kxg2 c6 22. c5+ Kh8 23. cxb6 Rdb8 24. bxa5 Rxa5 25. a4 Ra6 26. b7 Ra7 27. Rb1 Qd8 28. Rdb2 Qf8 29.
Qb6 Rxa4 30. Qc7 Qe8 31. Rb4 Ra7 32. Rb6 h6 33. h4 Ra2 34. R6b2 Ra7 35. Rb6 Ra2 36.
R6b2 Ra7 37. Rb6 1/2-1/2

[Event "*** Titled Tuesday Blitz"]
[Site "Chess.com"]
[Date "2020.05.26"]
[Round "1"]
[White "MYMChessAcademy"]
[Black "wonderfultime"]
[Result "0-1"]
[WhiteElo "2447"]
[BlackElo "2969"]
[TimeControl "180+1"]
[EndTime "10:06:29 PDT"]
[Termination "wonderfultime won on time"]

1. e4 c5 2. Ne2 Nf6 3. Nbc3 d6 4. g3 g6 5. Bg2 Bg7 6. O-O O-O 7. d3 Nc6 8. h3 Rb8 9. f4 Nd7 10. Be3 b5 11. a3 b4 12. axb4 cxb4 13. Na4 a5 14. Qd2 Ba6 15. c4 bxc3 16. bxc3 Qc7 17. Rab1 Rxb1 18. Rxb1 Rb8 19. Qc2 Nb4 20. Qd2 Nxd3 21.
Rxb8+ Qxb8 22. Nd4 Qb1+ 23. Kh2 Ne1 24. Qc1 Qxc1 25. Bxc1 Nxg2 26. Kxg2 e5 27. Nb3 Bb5 28. Nb2 a4 29. Na1 exf4 30. Nd1 Be2 31. Nf2 f3+ 32.
Kg1 Bxc3 33. Nc2 Ne5 0-1

[Event "*** Titled Tuesday Blitz"]
[Site "Chess.com"]
[Date "2020.05.26"]
[Round "1"]
[White "Igor_Lysyj"]
[Black "boasovietica"]
[Result "1-0"]
[WhiteElo "2760"]
[BlackElo "2388"]
[TimeControl "180+1"]
[EndTime "10:06:29 PDT"]
[Termination "Igor_Lysyj won by resignation"]

1. d4 Nf6 2. c4 e6 3. Nf3 d5 4. g3 dxc4 5. Bg2 a6 6. O-O b5 7.
Ne5 Nd5 8. a4 Bb7 9. e4 Nf6 10.
d5 exd5 11. axb5 axb5 12. Rxa8 Bxa8 13. Nc3 Bd6 14. exd5 O-O 15. Nc6 Qd7 16. Qf3 b4 17. Nb5 Nxd5 18. Nxd6 Qxd6 19. Nxb8 Rxb8 20. Rd1 Nf6 21.
Qe2 Qa6 22. Bxa8 Rxa8 23. Bf4 c3 24. Qxa6 1-0